Map: Echo LE (Void)

Players

Maru - Winner!

  • Race: Terran Terran
  • Spawn Location: 5:00

Stats

  • Race: Protoss Protoss
  • Spawn Location: 11:00

Event: IEM Season 11 - Gyeonggi

VOD

https://www.youtube.com/watch?v=h5PNpaK6lu0

Description

Time

  • Played on: Dec. 14, 2016, 8:04 p.m.
  • Length: 17:44

All games in this series

Show
View Real Time Build Order
Export as new Build Order

Maru Terran - Winner!

Build Orders: Reaper Expand, MMM Bio 

Get SALT Encoding   

  12  0:00  SCV  
  13  0:13  SCV  
  14  0:17  Supply Depot  
  14  0:25  SCV  
  15  0:30  Refinery  
  15  0:38  SCV  
  16  0:44  Barracks  
  16  0:50  SCV  
  17  1:02  SCV  
  18  1:14  SCV  
  19  1:30  Orbital Command  
  19  1:31  Reaper  
  20  1:42  Command Center  
  20  1:55  Factory  
  20  1:57  SCV  
  21  2:04  Refinery  
  21  2:09  Barracks Reactor, SCV  
  22  2:19  Supply Depot  
  22  2:21  SCV  
  23  2:40  SCV, Starport  
  24  2:45  Marine x2, Widow Mine  
  28  2:52  SCV  
  28  2:55  Orbital Command  
  29  3:03  Marine x2  
  29  3:04  SCV  
  32  3:14  Widow Mine  
  32  3:17  Medivac  
  32  3:18  SCV  
  37  3:21  SCV  
  37  3:23  Supply Depot  
  37  3:24  Marine  
  37  3:25  Marine  
  40  3:30  SCV  
  40  3:33  SCV  
  42  3:42  SCV  
  42  3:45  SCV  
  43  3:49  Factory Tech Lab  
  43  3:51  Barracks  
  43  3:54  SCV  
  44  3:57  SCV  
  44  4:01  Supply Depot  
  44  4:02  Marine x2  
  47  4:06  SCV  
  47  4:08  Siege Tank  
  47  4:09  SCV  
  52  4:18  SCV  
  52  4:19  Marine, Engineering Bay  
  52  4:21  Refinery  
  52  4:22  Marine  
  55  4:25  Refinery  
  55  4:27  SCV  
  55  4:30  SCV  
  57  4:33  Supply Depot  
  57  4:39  Barracks Tech Lab  
  57  4:40  SCV, Siege Tank  
  57  4:43  SCV  
  57  4:44  Barracks  
  62  4:47  Terran Infantry Weapons Level 1  
  62  4:55  SCV x2  
  62  4:56  Supply Depot  
  62  4:58  Marine, Supply Depot, Stimpack  
  65  5:01  Marine  
  65  5:02  Marine  
  65  5:03  Starport Reactor  
  67  5:08  SCV x2  
  69  5:20  SCV x2  
  71  5:22  Marine x2  
  71  5:23  Marauder, Factory Reactor, Supply Depot  
  73  5:37  Marauder  
  73  5:38  Combat Shields  
  73  5:40  Marine x2, Medivac  
  73  5:41  Medivac  
  81  5:44  Marauder  
  81  5:45  Supply Depot x2  
  83  5:58  Marine x2  
  83  5:59  Marauder  
  87  6:05  Marauder  
  87  6:08  Widow Mine  
  87  6:09  Widow Mine  
  87  6:10  Medivac  
  87  6:11  Medivac  
  93  6:14  SCV x2  
  93  6:16  Marine x2  
  97  6:19  Supply Depot  
  97  6:20  Marauder  
  99  6:27  Marauder  
  99  6:31  Missile Turret  
  101  6:36  Marine x2  
  101  6:39  Widow Mine x2  
  107  6:41  Marauder  
  109  6:48  Marauder  
  109  6:51  Terran Infantry Armor Level 1  
  111  6:56  Command Center  
  111  6:59  Concussive Shells  
  111  7:02  SCV  
  111  7:03  Supply Depot  
  111  7:06  Marauder  
  114  7:09  Marauder  
  115  7:22  Marine  
  99  7:28  Marauder  
  99  7:29  Marine  
  100  7:31  Marauder, Widow Mine x2  
  100  7:34  Barracks, SCV x2  
  100  7:36  Barracks  
  108  7:46  SCV  
  108  7:48  Medivac x2  
  108  7:49  Marauder  
  115  7:56  SCV  
  115  7:58  SCV  
  117  7:59  Widow Mine x2  
  117  8:01  Supply Depot  
  117  8:02  Supply Depot  
  121  8:11  Orbital Command  
  121  8:12  Marine, SCV x2  
  125  8:13  Marauder x2  
  125  8:14  Marine  
  125  8:15  Starport  
  129  8:23  Barracks Tech Lab  
  129  8:25  Barracks Reactor, SCV x2  
  129  8:26  Supply Depot  
  131  8:30  Marine  
  131  8:32  Marine  
  131  8:33  Widow Mine x2  
  139  8:34  Marauder x2  
  139  8:37  SCV  
  139  8:40  SCV  
  143  8:48  Marauder, Marine  
  145  8:50  Marine, Viking x2  
  145  8:51  SCV  
  145  8:52  SCV  
  145  8:53  Refinery  
  145  8:54  Refinery  
  151  8:55  Marauder  
  151  9:02  Armory, Engineering Bay  
  151  9:06  Liberator  
  151  9:07  Liberator x3  
  151  9:08  SCV  
  151  9:09  Supply Depot  
  148  9:22  Marine, Marauder x2  
  159  9:31  Marine, Supply Depot  
  162  9:40  SCV  
  162  9:43  Supply Depot  
  163  9:49  Marine x3, Marauder  
  163  9:50  Marauder x2, Marine  
  163  9:52  Supply Depot, Terran Infantry Weapons Level 2  
  173  9:56  Terran Infantry Armor Level 2  
  180  10:14  Missile Turret  
  180  10:17  Terran Ship Weapons Level 1  
  180  10:26  Viking x4  
  180  10:27  Marine  
  180  10:28  Marauder x2  
  184  10:36  Sensor Tower  
  184  10:44  Marine, Marauder  
  184  10:49  Marauder  
  189  10:55  Viking  
  189  10:56  Viking x3  
  187  11:07  Command Center  
  187  11:08  Liberator  
  191  11:11  Marauder x2  
  191  11:12  Marauder  
  193  11:32  Barracks  
  196  11:34  Barracks  
  196  11:36  Barracks  
  196  11:41  Missile Turret  
  196  11:48  Liberator  
  196  11:52  Liberator  
  196  11:59  Liberator x2  
  196  12:13  Terran Infantry Weapons Level 3  
  196  12:14  Terran Infantry Armor Level 3  
  195  12:20  Terran Ship Weapons Level 2  
  195  12:21  Barracks Tech Lab  
  195  12:22  Barracks Tech Lab  
  197  12:32  Barracks Reactor, Missile Turret  
  197  12:37  Liberator  
  197  12:40  Barracks Reactor  
  197  12:42  Liberator  
  197  12:46  Marine x2  
  197  12:47  Marauder  
  197  12:48  Marine  
  197  12:49  Marauder  
  190  12:54  Viking  
  190  12:55  Marine, Marauder  
  182  13:21  Planetary Fortress  
  182  13:22  Marine  
  182  13:23  Marauder x2  
  186  13:40  Viking x2  
  187  13:46  Marine  
  187  13:47  Marauder  
  186  13:54  Marine  
  186  13:55  Marauder x2  
  180  14:12  Viking x4  
  175  14:29  Marine x2, Marauder x2  
  173  14:40  Marine  
  173  14:41  Marine, Marauder x2  
  173  14:42  Viking x3  
  185  14:46  Ghost Academy  
  185  14:47  Marine, Marauder  
  185  14:51  Marauder x2  
  185  14:52  Sensor Tower  
  192  14:57  Terran Ship Weapons Level 3  
  192  15:00  Viking  
  191  15:12  Viking  
  189  15:20  Ghost x2  
  190  15:24  Marine  
  190  15:25  Marauder  
  189  15:31  Marauder x2  
  187  15:42  Marine x3  
  184  15:46  Marauder  
  184  15:48  Sensor Tower  
  184  15:49  Marauder  
  188  15:50  Liberator  
  188  15:59  Marine  
  188  16:00  Marauder x2  
  196  16:13  Liberator  
  196  16:24  Marine x3  
  196  16:25  Marauder x2  
  177  16:27  Liberator  
  173  16:34  Marauder  
  162  16:50  Marine x2  
  162  16:51  Marauder  
  157  16:56  Medivac x2  
  157  16:58  Marine  
  162  17:05  Marine  
  162  17:06  Marauder x2  
  167  17:10  Marine  
  167  17:11  Marauder  
  170  17:17  Marine x2, Marauder  
  153  17:25  Marine x2  
Show
View Real Time Build Order
Export as new Build Order

Stats Protoss 

Build Orders: 1 Gate Expand, Blink Stalkers, Colossus Rush 

Get SALT Encoding   

  12  0:00  Probe (Chrono Boost)  
  13  0:11  Probe (Chrono Boost)  
  14  0:17  Pylon  
  14  0:22  Probe (Chrono Boost)  
  15  0:35  Gateway, Probe (Chrono Boost)  
  16  0:46  Assimilator, Probe (Chrono Boost)  
  17  0:56  Probe (Chrono Boost)  
  18  1:07  Probe (Chrono Boost)  
  19  1:17  Probe (Chrono Boost)  
  20  1:25  Nexus  
  20  1:33  Cybernetics Core  
  20  1:34  Probe (Chrono Boost)  
  21  1:40  Assimilator  
  21  1:45  Probe (Chrono Boost)  
  22  1:48  Pylon  
  22  1:55  Probe (Chrono Boost)  
  23  2:10  Mothership Core (Chrono Boost)  
  23  2:11  Pylon  
  23  2:12  Warp Gate  
  25  2:17  Adept  
  27  2:28  Probe (Chrono Boost)  
  28  2:37  Probe (Chrono Boost)  
  28  2:39  Probe (Chrono Boost)  
  30  2:44  Robotics Facility  
  30  2:48  Probe (Chrono Boost)  
  30  2:49  Probe (Chrono Boost)  
  33  2:58  Probe (Chrono Boost)  
  33  2:59  Twilight Council  
  33  3:00  Probe (Chrono Boost)  
  34  3:09  Probe (Chrono Boost)  
  34  3:10  Probe (Chrono Boost)  
  36  3:15  Gateway  
  36  3:16  Gateway  
  36  3:19  Probe (Chrono Boost)  
  37  3:21  Probe (Chrono Boost), Blink  
  37  3:25  Pylon  
  38  3:30  Observer  
  38  3:31  Probe (Chrono Boost)  
  38  3:32  Probe (Chrono Boost)  
  42  3:43  Probe (Chrono Boost)  
  42  3:45  Assimilator, Probe (Chrono Boost)  
  43  3:49  Observer  
  43  3:52  Pylon  
  43  3:55  Probe (Chrono Boost)  
  46  3:57  Probe (Chrono Boost)  
  46  4:07  Assimilator, Probe (Chrono Boost)  
  46  4:09  Probe (Chrono Boost)  
  48  4:15  Stalker x3  
  54  4:19  Probe (Chrono Boost)  
  54  4:21  Probe (Chrono Boost)  
  56  4:27  Warp Prism  
  57  4:32  Probe (Chrono Boost)  
  57  4:33  Probe (Chrono Boost)  
  60  4:38  Pylon  
  60  4:42  Pylon  
  60  4:44  Stalker x2  
  60  4:45  Stalker  
  66  4:57  Robotics Bay  
  66  4:58  Immortal  
  68  5:01  Probe x2 (Chrono Boost)  
  72  5:10  Pylon  
  72  5:15  Resonating Glaives  
  72  5:22  Adept x3  
  78  5:35  Nexus  
  78  5:36  Colossus, Pylon  
  85  5:51  Sentry  
  85  5:52  Adept  
  85  5:54  Adept  
  91  5:57  Pylon  
  91  5:58  Probe (Chrono Boost)  
  90  6:11  Probe x2 (Chrono Boost)  
  90  6:18  Adept x3  
  96  6:23  Colossus, Probe x2 (Chrono Boost)  
  98  6:26  Pylon  
  104  6:35  Probe (Chrono Boost)  
  104  6:36  Probe (Chrono Boost)  
  106  6:40  Extended Thermal Lance  
  106  6:51  Stalker x2  
  110  6:54  Probe (Chrono Boost)  
  110  6:56  Probe x2 (Chrono Boost)  
  110  6:58  Stalker  
  110  6:59  Pylon  
  115  7:05  Probe (Chrono Boost)  
  115  7:07  Forge  
  115  7:08  Probe x2 (Chrono Boost)  
  118  7:09  Forge  
  98  7:22  Stalker  
  98  7:23  Stalker x2, Colossus  
  98  7:31  Protoss Ground Weapons Level 1  
  98  7:35  Protoss Ground Armor Level 1  
  98  7:36  Pylon  
  104  7:38  Pylon  
  104  7:39  Gateway  
  104  7:49  Assimilator  
  104  7:51  Assimilator  
  104  7:54  Probe x2 (Chrono Boost)  
  104  7:55  Probe (Chrono Boost)  
  104  7:57  Adept x3  
  113  8:03  Gateway x2  
  113  8:18  Sentry, Adept x2  
  119  8:20  Disruptor  
  122  8:28  Gateway  
  122  8:30  Gateway  
  122  8:32  Pylon  
  122  8:40  Stalker  
  124  8:42  Adept x3  
  130  8:51  Disruptor  
  130  9:02  Adept x5  
  143  9:03  Adept  
  145  9:16  Protoss Ground Weapons Level 2  
  145  9:17  Protoss Ground Armor Level 2  
  143  9:26  Stalker x3  
  143  9:27  Adept x5  
  159  9:40  Disruptor  
  162  9:47  Pylon  
  162  9:49  Pylon  
  162  9:51  Pylon  
  162  9:53  Nexus  
  162  9:55  Pylon  
  162  10:00  Photon Cannon  
  162  10:11  Disruptor  
  162  10:16  Pylon  
  162  10:17  Dark Shrine  
  162  10:21  Stalker x5  
  169  10:23  Adept x3  
  184  10:35  Probe (Chrono Boost)  
  184  10:36  Probe x2 (Chrono Boost), Pylon  
  184  10:41  Photon Cannon  
  184  10:44  Stargate  
  184  10:48  Probe x3 (Chrono Boost)  
  187  10:51  Adept x3  
  193  11:00  Probe x3 (Chrono Boost)  
  196  11:11  Photon Cannon x2  
  196  11:24  Assimilator, Disruptor  
  196  11:26  Stargate x2  
  196  11:27  Protoss Ground Armor Level 3  
  196  11:29  Assimilator  
  196  11:32  Fleet Beacon, Protoss Shields Level 1  
  189  11:51  Oracle  
  192  11:57  Photon Cannon x2  
  192  11:58  Pylon  
  192  11:59  Photon Cannon  
  191  12:01  Pylon  
  191  12:13  Tempest  
  191  12:18  Tempest  
  195  12:25  Tempest  
  197  13:39  Nexus  
  197  13:41  Pylon  
  190  13:47  Protoss Shields Level 2  
  189  13:52  Tempest x2  
  197  14:03  Oracle  
  197  14:04  Protoss Ground Weapons Level 3  
  195  14:37  Nexus  
  187  14:39  Stalker x6  
  199  14:48  Photon Cannon  
  199  14:49  Photon Cannon  
  199  14:51  Photon Cannon  
  199  14:54  Gateway  
  199  14:55  Gateway x2  
  199  14:58  Gateway  
  199  15:13  Tempest  
  197  15:16  Tempest  
  199  15:32  Robotics Facility  
  193  15:41  Warp Prism  
  193  15:42  Dark Templar x3  
  151  16:30  Stalker x3  
  151  16:31  Stalker x5, Adept x3  
  151  16:32  Disruptor, Adept  
  107  16:48  Disruptor  
  99  16:57  Stalker x8  
  99  16:58  Stalker x3, Sentry  
  122  17:06  Assimilator  
  122  17:07  Disruptor  
  122  17:10  Assimilator  
  106  17:24  Adept  
  106  17:25  Adept x7  

Tags
 
Add a new tag
Caveats
  • Supply blocks, unpowered buildings, or Contaminate may cause inaccurate times.
  • Supply counts are checked every 10 seconds.